NWL (28 & UNDER)
BISMARK BORDER GUARDS @ SAN DIEGO SMASHERS
08/04/2030
 
TOP OF THE 1ST
Bismark Border Guards batting - Pitching for San Diego Smashers : RHP Tony Fullerton
Pitching: RHP Tony Fullerton
Batting: RHB José Vidal 0-0: Ball
1-0: Swinging Strike
1-1: Called Strike
1-2: Ball
2-2: Strikes out swinging
Batting: RHB Warren Martin 0-0: Foul Ball, location: 2F
0-1: Foul Ball, location: 2F
0-2: Fly out, F9 (Line Drive, 9D)
Batting: RHB Vincent Braun 0-0: Ball
1-0: Ball
2-0: Ball
3-0: Ground out 5-3 (Groundball, 56)
Top of the 1st over - 0 runs, 0 hits, 0 errors, 0 left on base; Bismark 0 - San Diego 0
BOTTOM OF THE 1ST
San Diego Smashers batting - Pitching for Bismark Border Guards : RHP Nick Clark
Pitching: RHP Nick Clark
Batting: RHB Gerald Davis 0-0: Foul Ball, location: 2F
0-1: Called Strike
0-2: Ball
1-2: Strikes out swinging
Batting: LHB Richard Brooks 0-0: Called Strike
0-1: DOUBLE (Flyball, 8RXD)
Batting: LHB Vernon Hill 0-0: Ball
1-0: Ground out U3 (Groundball, 3L)
Richard Brooks to third
Batting: LHB Steven Smith 0-0: Ball
1-0: Ball
2-0: Called Strike
2-1: Swinging Strike
2-2: Strikes out looking
Bottom of the 1st over - 0 runs, 1 hit, 0 errors, 1 left on base; Bismark 0 - San Diego 0
TOP OF THE 2ND
Bismark Border Guards batting - Pitching for San Diego Smashers : RHP Tony Fullerton
Batting: LHB Alan Moore 0-0: Fly out, F9 (Flyball, 89M)
Batting: RHB Mario Carranza 0-0: Ball
1-0: Foul Ball, location: 2F
1-1: Called Strike
1-2: Ball
2-2: Strikes out swinging
Batting: LHB David Hernández 0-0: Ball
1-0: Called Strike
1-1: Ball
2-1: Ball
3-1: Ground out 4-3 (Groundball, 34)
Top of the 2nd over - 0 runs, 0 hits, 0 errors, 0 left on base; Bismark 0 - San Diego 0
BOTTOM OF THE 2ND
San Diego Smashers batting - Pitching for Bismark Border Guards : RHP Nick Clark
Batting: RHB Ray Rogers 0-0: Foul Ball, location: 2F
0-1: Ground out 1-3 (Groundball, 13)
Batting: LHB Jon Rogers 0-0: Ball
1-0: Ball
2-0: Called Strike
2-1: Ball
3-1: Base on Balls
Batting: RHB Manny Torrez 0-0: Called Strike
0-1: Ball
1-1: Foul Ball, location: 2F
1-2: Strikes out swinging
Batting: LHB Nick Hill 0-0: Ball
1-0: Ball
2-0: Foul Ball, location: 2F
2-1: Foul Ball, location: 2F
2-2: Ball
3-2: Foul Ball, location: 2F
3-2: Base on Balls
Jon Rogers to second
Batting: RHB Sean Smith 0-0: Ball
1-0: Called Strike
1-1: Called Strike
1-2: Ball
2-2: Foul Ball, location: 2F
2-2: Ground out 4-3 (Groundball, 4)
Bottom of the 2nd over - 0 runs, 0 hits, 0 errors, 2 left on base; Bismark 0 - San Diego 0
TOP OF THE 3RD
Bismark Border Guards batting - Pitching for San Diego Smashers : RHP Tony Fullerton
Batting: RHB Leonard Harris 0-0: Ball
1-0: Called Strike
1-1: Foul Ball, location: 2F
1-2: Ball
2-2: Ground out 6-3 (Groundball, 6)
Batting: RHB Sergio Solíz 0-0: Called Strike
0-1: Ball
1-1: Swinging Strike
1-2: Ball
2-2: Ball
3-2: SINGLE (Line Drive, 34D)
Batting: RHB Doug Williams 0-0: Ball
1-0: Ball
2-0: Foul Ball, location: 2F
2-1: SINGLE (Line Drive, 6MD)
Sergio Solíz to second
Batting: RHB José Vidal 0-0: Called Strike
0-1: Foul Ball, location: 2F
0-2: Ball
1-2: Strikes out looking
Batting: RHB Warren Martin 0-0: Ball
1-0: Swinging Strike
1-1: Swinging Strike
1-2: Strikes out swinging
Top of the 3rd over - 0 runs, 2 hits, 0 errors, 2 left on base; Bismark 0 - San Diego 0
BOTTOM OF THE 3RD
San Diego Smashers batting - Pitching for Bismark Border Guards : RHP Nick Clark
Batting: RHB Gerald Davis 0-0: Ground out 1-3 (Groundball, 13S)
Batting: LHB Richard Brooks 0-0: Fly out, F6 (Popup, 6)
Batting: LHB Vernon Hill 0-0: Ball
1-0: Called Strike
1-1: Ball
2-1: Ball
3-1: Base on Balls
Batting: LHB Steven Smith 0-0: Called Strike
0-1: Ball
Vernon Hill steals 2nd base
1-1: Ball
2-1: Called Strike
2-2: Strikes out swinging
Bottom of the 3rd over - 0 runs, 0 hits, 0 errors, 1 left on base; Bismark 0 - San Diego 0
TOP OF THE 4TH
Bismark Border Guards batting - Pitching for San Diego Smashers : RHP Tony Fullerton
Batting: RHB Vincent Braun 0-0: Ball
1-0: Ball
2-0: SINGLE (Groundball, 56D)
Batting: LHB Alan Moore 0-0: Ball
1-0: Ball
2-0: Ball
3-0: Base on Balls
Vincent Braun to second
Batting: RHB Mario Carranza 0-0: Called Strike
0-1: Ball
1-1: Foul Ball, location: 2F
1-2: Strikes out looking
Batting: LHB David Hernández 0-0: Called Strike
0-1: Called Strike
0-2: Foul Ball, location: 2F
0-2: Foul Ball, location: 2F
0-2: Fly out, F8 (Flyball, 8LXD)
Runner from 2nd tags up, SAFE at 3rd, no throw
Batting: RHB Leonard Harris 0-0: Called Strike
0-1: Ball
1-1: Foul Ball, location: 2F
1-2: Foul Ball, location: 2F
1-2: Foul Ball, location: 2F
1-2: Ball
2-2: DOUBLE (Line Drive, 7LM)
Vincent Braun scores
Alan Moore to third
Batting: RHB Sergio Solíz 0-0: Called Strike
0-1: Fly out, F7 (Line Drive, 7)
Top of the 4th over - 1 run, 2 hits, 0 errors, 2 left on base; Bismark 1 - San Diego 0
BOTTOM OF THE 4TH
San Diego Smashers batting - Pitching for Bismark Border Guards : RHP Nick Clark
Batting: RHB Ray Rogers 0-0: Called Strike
0-1: Foul Ball, location: 2F
0-2: Strikes out swinging
Batting: LHB Jon Rogers 0-0: Ball
1-0: Foul Ball, location: 2F
1-1: Swinging Strike
1-2: Strikes out swinging
Batting: RHB Manny Torrez 0-0: Ball
1-0: Swinging Strike
1-1: Foul Ball, location: 2F
1-2: Foul Ball, location: 2F
1-2: Foul Ball, location: 2F
1-2: Foul Ball, location: 2F
1-2: Ball
2-2: Ball
3-2: Foul Ball, location: 2F
3-2: Strikes out looking
Bottom of the 4th over - 0 runs, 0 hits, 0 errors, 0 left on base; Bismark 1 - San Diego 0
TOP OF THE 5TH
Bismark Border Guards batting - Pitching for San Diego Smashers : RHP Tony Fullerton
Batting: RHB Doug Williams 0-0: Foul Ball, location: 2F
0-1: Ball
1-1: Called Strike
1-2: Fly out, F3 (Popup, 34S)
Batting: RHB José Vidal 0-0: Swinging Strike
0-1: Foul Ball, location: 2F
0-2: Ball
1-2: Ground out 5-3 (Groundball, 56)
Batting: RHB Warren Martin 0-0: Ball
1-0: Swinging Strike
1-1: Swinging Strike
1-2: Ball
2-2: Foul Ball, location: 2F
2-2: Fly out, F7 (Flyball, 7S)
Top of the 5th over - 0 runs, 0 hits, 0 errors, 0 left on base; Bismark 1 - San Diego 0
BOTTOM OF THE 5TH
San Diego Smashers batting - Pitching for Bismark Border Guards : RHP Nick Clark
Batting: LHB Nick Hill 0-0: Foul Ball, location: 2F
0-1: Foul Ball, location: 2F
0-2: Strikes out looking
Batting: RHB Sean Smith 0-0: Ball
1-0: Ball
2-0: Called Strike
2-1: Ball
3-1: Base on Balls
Batting: RHB Gerald Davis 0-0: Ball
1-0: Fly out, F9 (Flyball, 9)
Batting: LHB Richard Brooks 0-0: Called Strike
0-1: Foul Ball, location: 2F
0-2: Ball
1-2: Foul Ball, location: 2F
1-2: Ball
2-2: Ball
3-2: Foul Ball, location: 2F
3-2: DOUBLE (Flyball, 9D)
Sean Smith to third
Sean Smith scores
Batting: LHB Vernon Hill 0-0: Ball
1-0: Called Strike
1-1: Ball
2-1: Foul Ball, location: 2F
2-2: SINGLE (Line Drive, 34)
Richard Brooks to third
Runner from 3rd tries for Home, SAFE, no throw
Batting: LHB Steven Smith 0-0: Foul Ball, location: 2F
0-1: DOUBLE (Flyball, 8LXD)
Vernon Hill to third
Runner from 3rd tries for Home, SAFE, no throw
Pitching: RHP Jeff Alexander
Batting: RHB Ray Rogers 0-0: Ball
1-0: Called Strike
1-1: Fly out, F4 (Popup, 4D)
Bottom of the 5th over - 3 runs, 3 hits, 0 errors, 1 left on base; Bismark 1 - San Diego 3
TOP OF THE 6TH
Bismark Border Guards batting - Pitching for San Diego Smashers : RHP Tony Fullerton
Batting: RHB Vincent Braun 0-0: Swinging Strike
0-1: Ball
1-1: DOUBLE (Line Drive, 89S)
Batting: LHB Alan Moore 0-0: Ball
1-0: Foul Ball, location: 2F
1-1: Ball
2-1: Foul Ball, location: 2F
2-2: Strikes out swinging
Batting: RHB Mario Carranza 0-0: Ball
1-0: Ball
2-0: Fly out, F8 (Flyball, 8LD)
Batting: LHB David Hernández 0-0: Fly out, F9 (Flyball, 89D)
Top of the 6th over - 0 runs, 1 hit, 0 errors, 1 left on base; Bismark 1 - San Diego 3
BOTTOM OF THE 6TH
San Diego Smashers batting - Pitching for Bismark Border Guards : RHP Jeff Alexander
Batting: LHB Jon Rogers 0-0: Ball
1-0: Ground out 4-3 (Groundball, 4M)
Pitching: RHP Domingo García
Batting: RHB Manny Torrez 0-0: Called Strike
0-1: DOUBLE (Line Drive, 9LM)
Batting: LHB Nick Hill 0-0: Ball
1-0: Ball
2-0: Ball
3-0: Base on Balls
Batting: RHB Sean Smith 0-0: Swinging Strike
0-1: Called Strike
0-2: Ball
1-2: Ball
2-2: Strikes out swinging
Batting: RHB Gerald Davis 0-0: Foul Ball, location: 2F
0-1: Ground out U3 (Groundball, 3S)
Bottom of the 6th over - 0 runs, 1 hit, 0 errors, 2 left on base; Bismark 1 - San Diego 3
TOP OF THE 7TH
Bismark Border Guards batting - Pitching for San Diego Smashers : RHP Tony Fullerton
Batting: RHB Leonard Harris 0-0: Swinging Strike
0-1: Ball
1-1: Ball
2-1: Foul Ball, location: 2F
2-2: Ball
3-2: Fly out, F7 (Line Drive, 7)
Batting: RHB Sergio Solíz 0-0: Called Strike
0-1: Ball
1-1: Ball
2-1: Called Strike
2-2: Strikes out looking
Batting: RHB Doug Williams 0-0: Called Strike
0-1: Ball
1-1: Called Strike
1-2: Ball
2-2: Ground out 5-3 (Groundball, 5)
Top of the 7th over - 0 runs, 0 hits, 0 errors, 0 left on base; Bismark 1 - San Diego 3
BOTTOM OF THE 7TH
San Diego Smashers batting - Pitching for Bismark Border Guards : RHP Domingo García
Batting: LHB Richard Brooks 0-0: Called Strike
0-1: Ball
1-1: Ball
2-1: SINGLE (Groundball, 6D)
Batting: LHB Vernon Hill 0-0: Ball
1-0: Ball
2-0: Called Strike
2-1: Ball
3-1: Base on Balls
Richard Brooks to second
Batting: LHB Steven Smith 0-0: Foul Ball, location: 2F
0-1: Ball
1-1: SINGLE (Line Drive, 56D)
Richard Brooks to third
Vernon Hill to second
Runner from 3rd tries for Home, SAFE, no throw
Batting: RHB Ray Rogers 0-0: Ball
1-0: Swinging Strike
1-1: Ball
2-1: Foul Ball, location: 2F
2-2: Foul Ball, location: 2F
2-2: 3-RUN HOME RUN (Flyball, 7LD), Distance : 329 ft
Pitching: RHP Miguel Valenzuela
Batting: LHB Jon Rogers 0-0: Ball
1-0: Ball
2-0: SINGLE (Flyball, 7S)
Batting: RHB Manny Torrez 0-0: Called Strike
Jon Rogers steals 2nd base
0-1: Ball
1-1: Fly out, F6 (Popup, P)
Batting: LHB Nick Hill 0-0: Swinging Strike
0-1: Ball
1-1: Foul Ball, location: 2F
1-2: Ball
2-2: Foul Ball, location: 2F
2-2: Ball
3-2: Base on Balls
Batting: RHB Sean Smith 0-0: Ball
1-0: Fly out, F8 (Flyball, 8RXD)
Runner from 2nd tags up, SAFE at 3rd, no throw
Batting: RHB Gerald Davis 0-0: Ball
1-0: Swinging Strike
1-1: Ball
2-1: Ball
3-1: Ground out 5-3 (Groundball, 25)
Bottom of the 7th over - 4 runs, 4 hits, 0 errors, 2 left on base; Bismark 1 - San Diego 7
TOP OF THE 8TH
Bismark Border Guards batting - Pitching for San Diego Smashers : RHP Tony Fullerton
Pitching: LHP Doug Ledoux
Batting: RHB José Vidal 0-0: Ball
1-0: Fly out, F7 (Flyball, 7LM)
Batting: RHB Warren Martin 0-0: Ball
1-0: Foul Ball, location: 2F
1-1: DOUBLE (Flyball, 78D)
Batting: RHB Vincent Braun 0-0: Called Strike
0-1: Called Strike
0-2: Ball
1-2: Fly out, F8 (Flyball, 8RXD)
Runner from 2nd tags up, SAFE at 3rd, no throw
Batting: LHB Alan Moore 0-0: Ball
1-0: Ball
2-0: Ground out 4-3 (Groundball, 4)
Top of the 8th over - 0 runs, 1 hit, 0 errors, 1 left on base; Bismark 1 - San Diego 7
BOTTOM OF THE 8TH
San Diego Smashers batting - Pitching for Bismark Border Guards : RHP Miguel Valenzuela
Batting: LHB Richard Brooks 0-0: Ball
1-0: Swinging Strike
1-1: Swinging Strike
1-2: Strikes out looking
Batting: LHB Vernon Hill 0-0: Ball
1-0: Foul Ball, location: 2F
1-1: Ball
2-1: Ball
3-1: Foul Ball, location: 2F
3-2: Strikes out swinging, 2-3 out at first.
Batting: LHB Steven Smith 0-0: Called Strike
0-1: Ball
1-1: Swinging Strike
1-2: Foul Ball, location: 2F
1-2: Ball
2-2: Ground out 6-3 (Groundball, 6)
Bottom of the 8th over - 0 runs, 0 hits, 0 errors, 0 left on base; Bismark 1 - San Diego 7
TOP OF THE 9TH
Bismark Border Guards batting - Pitching for San Diego Smashers : LHP Doug Ledoux
Batting: RHB Mario Carranza 0-0: Ball
1-0: Ground out 6-3 (Groundball, 6)
Batting: LHB David Hernández 0-0: Ball
1-0: Ball
2-0: Foul Ball, location: 2F
2-1: Foul Ball, location: 2F
2-2: Foul Ball, location: 2F
2-2: SINGLE (Groundball, 15S) (infield hit)
Batting: RHB Leonard Harris 0-0: Ball
1-0: Called Strike
1-1: Swinging Strike
1-2: Foul Ball, location: 2F
1-2: SINGLE (Line Drive, 4D)
David Hernández to second
Batting: RHB Sergio Solíz 0-0: Called Strike
0-1: Foul Ball, location: 2F
0-2: Ball
1-2: Foul Ball, location: 2F
1-2: Strikes out looking
Batting: RHB Doug Williams 0-0: Ball
1-0: Swinging Strike
1-1: Foul Ball, location: 2F
1-2: Foul Ball, location: 2F
1-2: Foul Ball, location: 2F
1-2: Foul Ball, location: 2F
1-2: Fly out, F3 (Popup, 23F)
Top of the 9th over - 0 runs, 2 hits, 0 errors, 2 left on base; Bismark 1 - San Diego 7
Saturday, April 7th, 2018 - OOTP Baseball 18.8 Build 76